 Dungeon Crawl Stone Soup version 0.20-a0-1103-g26be02c (webtiles) character file.

287 JeffiDaFish the Shield-Bearer (level 6, -8/39 HPs)
             Began as a Gargoyle Fighter on May 5, 2017.
             Mangled by an ogre
             ... wielding a +0 giant club
              (27 damage)
             ... on level 3 of the Dungeon.
             The game lasted 00:05:51 (2788 turns).

JeffiDaFish the Shield-Bearer (Gargoyle Fighter)    Turns: 2788, Time: 00:05:52

Health: -8/39      AC: 11    Str: 20    XL:     6   Next: 30%
Magic:  6/6        EV:  8    Int:  8    God:
Gold:   105        SH:  9    Dex: 11    Spells: 5/5 levels left

rFire    . . .     SeeInvis .   m - +1 mace (protect)
rCold    . . .     Gourm    .   c - +0 shield
rNeg     + . .     Faith    .   b - +0 scale mail
rPois    ∞         Spirit   .   (no helmet)
rElec    +         Reflect  .   (no cloak)
rCorr    .         Harm     .   (no gloves)
MR       .....                  (no boots)
Stlth    ..........             (no amulet)
Regen    0.2/turn               (no ring)
MPRegen  0.1/turn               (no ring)

@: no status effects
A: negative energy resistance 1, electricity resistance, unbreathing,
petrification resistance, rot immunity, AC +4
a: no special abilities


You were on level 3 of the Dungeon.
You were not hungry.

You visited 1 branch of the dungeon, and saw 3 of its levels.

You collected 105 gold pieces.

Inventory:

Hand Weapons
 m - a +1 mace of protection (weapon)
Missiles
 e - 5 javelins (quivered)
Armour
 b - a +0 scale mail (worn)
 c - a +0 shield (worn)
Scrolls
 j - a scroll of remove curse
 l - a scroll of teleportation
Potions
 h - a potion of flight
 n - a potion of magic
Comestibles
 f - 4 bread rations
 g - a royal jelly
 i - a fruit
 k - 3 chunks of flesh


   Skills:
 + Level 4.4 Fighting
 + Level 4.0 Maces & Flails
 - Level 0.1 Throwing
 + Level 3.8 Armour
 + Level 1.2 Dodging
 + Level 0.2 Stealth
 + Level 4.7 Shields


You had 5 spell levels left.
You didn't know any spells.

Dungeon Overview and Level Annotations

Branches:
Dungeon (3/15)

Altars:
The Shining One


Innate Abilities, Weirdness & Mutations

You are resistant to torment.
Your stone body is resilient. (AC +4)
You are immune to poison.
You resist negative energy. (rN+)
You are resistant to electric shocks. (rElec)
You can survive without breathing.
You are immune to petrification.
You are immune to rotting.


Message History

Press: ? - help, Shift-Dir - straight line, f/p - ogre
Aim: an ogre, wielding a giant club (lightly wounded)
You throw a javelin. The javelin closely misses the ogre.
You hit the ogre.
Your weapon exudes an aura of protection.
The ogre is lightly wounded.
The ogre barely misses you.
You barely miss the ogre.
The ogre is lightly wounded.
The ogre hits you with a giant club!!
Ouch! That really hurt!
You are too injured to fight recklessly!
You are too injured to fight recklessly!
You are too injured to fight recklessly!
You are too injured to fight recklessly!
You barely miss the ogre.
The ogre is lightly wounded.
The ogre hits you with a giant club!!
Ouch! That really hurt!
You die...

.# .# .# (# .# ##(# ####### ##O.#
##.....## ##.@# ##..♣♣♣..####..##
##..≈≈♣♣♣...##...# ....≈≈≈≈
#..♣≈P≈≈♣♣♣..#...## ##♣..≈≈≈≈♣♣
..♣≈≈≈≈≈♣♣♣♣......## #....≈≈♣...
.≈≈P≈≈≈≈≈≈♣♣≈......####P......♣..
PPP≈≈≈≈≈≈≈≈P♣♣#......##...♣..P..P
≈≈≈≈≈≈≈≈≈P≈≈≈≈♣.).....#..........
PP≈≈≈≈≈≈≈≈≈≈P≈≈≈.#....#..........


You could see an ogre.

Vanquished Creatures
  The ghost of grandjackal the Skirmisher, an amateur DsGl of Dithmenos (D:3)
  2 orc priests
  3 adders
  2 worms (D:2)
  A dart slug (D:2)
  8 orcs
  5 giant cockroaches
  6 goblins
  4 hobgoblins
  A jackal (D:3)
  11 kobolds
  4 bats
  3 frilled lizards
  6 rats
  A plant (D:3)
58 creatures vanquished.

Notes
Turn   | Place    | Note
-------+----------+-------------------------------------------
     0 | D:1      | JeffiDaFish the Gargoyle Fighter began the quest for the Orb.
     0 | D:1      | Reached XP level 1. HP: 14/14 MP: 1/1
   647 | D:1      | Found a glowing golden altar of the Shining One.
   683 | D:1      | Reached XP level 2. HP: 19/19 MP: 2/2
  1657 | D:2      | Reached XP level 3. HP: 19/23 MP: 3/3
  1760 | D:2      | Reached XP level 4. HP: 24/29 MP: 4/4
  2262 | D:3      | Reached XP level 5. HP: 20/33 MP: 5/5
  2440 | D:3      | Noticed grandjackal's ghost (amateur DsGl)
  2473 | D:3      | HP: 1/33 [grandjackal's ghost (9)]
  2478 | D:3      | HP: 1/33 [adder (1)]
  2490 | D:3      | Killed grandjackal's ghost
  2490 | D:3      | Reached skill level 1 in Dodging
  2490 | D:3      | Reached XP level 6. HP: 3/39 MP: 6/6
  2788 | D:3      | Mangled by an ogre

Vault maps used:
D:1:      doesnt_arrival_goblin_jail, tso_altar
D:2:      cheibrodos_pilgrimage
D:3:      serial_bayou, serial_bayou_pond_a, serial_bayou_crossing,
          serial_bayou_pond_b, serial_bayou_lagoon_b, nrook_loot_triangle

Skill      XL: |  1  2  3  4  5 |
---------------+----------------+-----
Shields        | 4 |  4.7
Maces & Flails | 3 4 |  4.0
Fighting       | 4 |  4.4
Dodging        | 1 |  1.2
Throwing       | |  0.1
Armour         | |  3.8
Stealth        | |  0.2

Action                   |  1- 3 |  4- 6 || total
-------------------------+-------+-------++-------
Melee: Flail             |    70 |    34 ||   104
       Mace              |       |    87 ||    87
Throw: Javelin           |    18 |    30 ||    48
  Use: Scroll            |     5 |     2 ||     7
       Potion            |     1 |     5 ||     6
  Eat: Chunk             |     1 |     5 ||     6
Armor: Scale mail        |    43 |    41 ||    84
Dodge: Dodged            |    22 |    20 ||    42
Block: Shield            |    34 |    70 ||   104
